 Dungeon Crawl Stone Soup version 0.31-a0-236-g9a0961fb85 (webtiles) character file.

Game seed: 11705436448481727385

20 qw the Shooter (level 2, 0/17 HPs)
             Began as a Gargoyle Hexslinger on July 10, 2023.
             Frozen to death by an endoplasm (4 damage)
             ... on level 1 of the Dungeon.
             The game lasted 00:00:18 (1072 turns).

qw the Shooter (Gargoyle Hexslinger)                Turns: 1072, Time: 00:00:19

Health: 0/17       AC:  5    Str: 15    XL:     2   Next: 79%
Magic:  12/12      EV: 11    Int: 13    God:
Gold:   46         SH:  0    Dex: 14    Spells: 2/3 levels left

rFire   . . .        Y - +1 sling
rCold   . . .        (no shield)
rNeg    + . .        f - +0 leather armour
rPois   inf          (no helmet)
rElec   +            (no cloak)
rCorr   .            (no gloves)
SInv    .            (no boots)
Will    +....        (no amulet)
Stlth   +            i - ring of willpower
HPRegen 0.22/turn    a - ring "Ziabufu" {Contam rElec MP+9 Str+4 Dex+2}
MPRegen 0.13/turn

%: no passive effects
@: no status effects
A: sickness immunity, AC +2, negative energy resistance 1, electricity
resistance, torment resistance 1, petrification resistance
a: no special abilities


You were on level 1 of the Dungeon.
You visited 1 branch of the dungeon, and saw 2 of its levels.

You collected 46 gold pieces.


Innate Abilities, Weirdness & Mutations

You are immune to sickness and miasma.
Your stone body is resilient. (AC +2)
You are immune to poison.
You resist negative energy. (rN+)
You are resistant to electric shocks. (rElec)
You are resistant to unholy torment.
You are immune to petrification.


   Skills:
 + Level 1.7 Fighting
 - Level 3.0 Ranged Weapons
 - Level 1.5 Dodging
 - Level 1.0 Spellcasting
 - Level 2.6 Hexes


You had 2 spell levels left.
You knew the following spells:

 Your Spells              Type           Power      Damage    Failure   Level
a - Slow                  Hex            28%        N/A       12%         1

Your spell library contained the following spells:

 Spells                   Type           Power      Damage    Failure   Level
 Inner Flame              Hex/Fire       4%         N/A       52%         3
 Portal Projectile        Hex/Tloc       8%         N/A       52%         3
 Cause Fear               Hex            3%         N/A       75%         4

Inventory:

Hand Weapons
 Y - a +1 sling (weapon)
Armour
 f - a +0 leather armour (worn)
Jewellery
 a - the ring "Ziabufu" (right hand) {Contam rElec MP+9 Str+4 Dex+2}
   (You acquired it on level 1 of the Dungeon)

   [ring of magical power]

   Str:       It affects your strength (+4).
   Dex:       It affects your dexterity (+2).
   rElec:     It insulates you from electricity.
   MP:        It affects your magic capacity (+9).
   Contam:    It causes magical contamination when unequipped.
 i - a ring of willpower (left hand)
Potions
 e - a potion of curing {unknown}
 h - a potion of degeneration {unknown}

Dungeon Overview and Level Annotations

Branches:
Dungeon (2/15)

Altars:


Message History

Waypoint 1 assigned to D:2.
You shoot a sling bullet.
The sling bullet closely misses the gnoll.
The sling bullet hits the gnoll.
The gnoll is lightly wounded.
The gnoll hits you from afar with a +0 spear!
1062 ||| STAIRDANCE The gnoll throws a throwing net.
The throwing net hits you.
You become entangled in the net!
You stop ascending the stairs.
You struggle against the net.
You struggle against the net.
The endoplasm jiggles.
You shred the net and break free!
The endoplasm hits you but does no damage.
1066 ||| STAIRDANCE The endoplasm hits you.
The gnoll hits you with a +0 club. The gnoll closely misses you.
You climb upwards.
There is a stone staircase leading down here.
You shoot a sling bullet.
The sling bullet closely misses the gnoll.
The endoplasm closely misses you. The gnoll hits you with a +0 club.
You shoot a sling bullet.
The sling bullet closely misses the gnoll.
The endoplasm misses you. The gnoll hits you with a +0 club.
You shoot a sling bullet.
The sling bullet closely misses the gnoll.
The endoplasm hits you but does no damage.
The gnoll hits you but does no damage.
You shoot a sling bullet. The sling bullet hits the gnoll.
The gnoll is heavily wounded.
The endoplasm hits you but does no damage.
The gnoll closely misses you.
The endoplasm hits you but does no damage.
The gnoll closely misses you.
You shoot a sling bullet.
The sling bullet hits the gnoll but does no damage.
The gnoll is heavily wounded.
The endoplasm freezes you.
You are frozen.
You die...

#### #... #.## #.# #######
#.## #.....# #.## ###[....#
#.## #....Jg.###########.##
#...#@................
######...###...########..#.
#........................##
##.###...#####.########.###
#.#.......................
#.#............#####.#####
#.#..#'#.......# ##.#####
#.#%.#.#.......# #......#
#.#..#.#.......# #......#


You could see a gnoll and an endoplasm.

Vanquished Creatures
  A dart slug (D:1)
  2 endoplasms (D:1)
  3 giant cockroaches (D:1)
  2 goblins (D:1)
  A ball python (D:1)
  2 bats (D:1)
  2 frilled lizards (D:1)
  2 kobolds (D:1)
  4 rats (D:1)
19 creatures vanquished.

Notes
Turn   | Place    | Note
-------+----------+-------------------------------------------
     0 | D:1      | qw the Gargoyle Hexslinger began the quest for the Orb.
     0 | D:1      | Reached XP level 1. HP: 12/12 MP: 2/2
     0 | D:1      | 0 ||| qw: Version: 0.3-a-52-g30416fa
     0 | D:1      | 0 ||| qw: Game counter: 4890
     0 | D:1      | 0 ||| qw: Melee chars always use a shield: true
     0 | D:1      | 0 ||| qw: God list: Okawaru
     0 | D:1      | 0 ||| qw: Allow faded altars: false
     0 | D:1      | 0 ||| qw: Do Orc after clearing Dungeon:15 true
     0 | D:1      | 0 ||| qw: Do second Lair branch before Depths: true
     0 | D:1      | 0 ||| qw: Lair rune preference: random
     0 | D:1      | 0 ||| qw: Goals: Normal
     0 | D:1      | 0 ||| PLANNING D:1-11
   186 | D:1      | Reached XP level 2. HP: 16/16 MP: 3/3
   303 | D:1      | 303 ||| FLEEEEING.
   304 | D:1      | 304 ||| FLEEEEING.
   410 | D:1      | Reached skill level 3 in Ranged Weapons
   928 | D:1      | 928 ||| UPGRADING to +0 leather armour.
   938 | D:1      | 938 ||| DROPPING +0 robe.
   939 | D:1      | 939 ||| UPGRADING to ring of willpower.
   940 | D:1      | 940 ||| READING scroll labelled WATOID ETROG.
   943 | D:1      | 943 ||| READING scroll labelled CULOEKIOTT.
   943 | D:1      | Identified a scroll of acquirement
   943 | D:1      | 943 ||| ACQUIRING ring "Ziabufu" {Contam rElec MP+9 Str+4
                  | Dex+2}
   943 | D:1      | Acquired the ring "Ziabufu" {Contam rElec MP+9 Str+4 Dex+2}
   945 | D:1      | 945 ||| UPGRADING to ring "Ziabufu" {Contam rElec MP+9
                  | Str+4 Dex+2}.
  1015 | D:1      | 1015 ||| DROPPING scroll of poison.
  1062 | D:2      | 1062 ||| STAIRDANCE
  1066 | D:2      | 1066 ||| STAIRDANCE
  1069 | D:1      | HP: 3/17 [gnoll/+0 club (2)]
  1072 | D:1      | Frozen to death by an endoplasm

Levels and vault maps discovered:
D:1:      wheals_arrival_linesprint, layout_basic
D:2:      minmay_roachtagon, layout_loops_ring, minmay_quantized, uniq_sigmund

Skill      XL: |  1  2 |
---------------+-------+-----
Ranged Weapons | 3 |  3.0
Fighting       | |  1.7
Dodging        | |  1.5
Spellcasting   | |  1.0
Hexes          | |  2.6

Action                     || total
---------------------------++-------
   Fire: Sling             ||    60
    Use: Scroll            ||     2
 Armour: Robe              ||     5
         Leather armour    ||     5
  Dodge: Dodged            ||    22

Table legend:
 A = Non-vault XP
 B = Vault XP
 C = Vault XP percentage of total XP
 D = Non-vault monster count
 E = Vault monster count
 F = Vault count percentage of total count
                 A         B        C        D         E       F
            +---------+---------+-------+---------+---------+-------
      Total |      29 |       0 |   0.0 |      19 |       0 |   0.0
            +---------+---------+-------+---------+---------+-------
        D:1 |      29 |       0 |   0.0 |      19 |       0 |   0.0
            +---------+---------+-------+---------+---------+-------
